 Dungeon Crawl Stone Soup version 0.30-a0-782-ge64f9170bb (webtiles) character file.

Game seed: 7660743426500618844

637 Leeroy the Carver (level 7, 0/75 HPs)
             Began as a Merfolk Gladiator on Feb 25, 2023.
             Was a Believer of Uskayaw.
             Succumbed to a scorpion's poison
             ... on level 5 of the Dungeon.
             The game lasted 00:04:32 (4258 turns).

Leeroy the Carver (Merfolk Gladiator)               Turns: 4258, Time: 00:04:32

Health: 0/75       AC: 23    Str: 12 (14) XL:     7   Next: 50%
Magic:  7/7        EV:  2    Int:  6 (7)  God:    Uskayaw [**....]
Gold:   119        SH:  0    Dex: 15 (18) Spells: 6/6 levels left

rFire   + . .      SeeInvis .    a - +0 long sword
rCold   + . .      Faith    .    (no shield)
rNeg    . . .      Spirit   .    (body armour currently unavailable)
rPois   +          Reflect  .    (helmet currently unavailable)
rElec   +          Harm     .    (cloak currently unavailable)
rCorr   +          Rampage  .    (gloves currently unavailable)
Will    .....      NoTele   +    (boots currently unavailable)
Stlth   +                        (no amulet)
HPRegen 0.32/turn                (no ring)
MPRegen 0.10/turn                (no ring)

@: lethally poisoned (0 -> -2), tree-form, resistant
A: stationary, stasis, torment immunity, boosted hp, (nimble swimmer 2),
(mertail)
a: Renounce Religion, Stomp, Line Pass


You were on level 5 of the Dungeon.
You worshipped Uskayaw.
Uskayaw was noncommittal.
You were a tree.
You visited 2 branches of the dungeon, and saw 6 of its levels.

You collected 119 gold pieces.

Inventory:

Hand Weapons
 a - a +0 long sword (weapon)
 z - the +1 sling of Saefuikk {drain, Int+2}
   (You found it on level 4 of the Dungeon)

   Int:       It affects your intelligence (+2).
Missiles
 d - 3 throwing nets (quivered)
 e - a javelin
Armour
 b - a +0 leather armour (melded)
 c - a +0 helmet (melded)
 k - a +1 pair of boots (melded)
 n - a +0 pair of gloves (melded)
 p - a +0 cloak (melded)
Wands
 v - a wand of iceblast (9)
Scrolls
 f - 3 scrolls of noise {unknown}
 h - 10 scrolls of identify {unknown}
 i - 2 scrolls of enchant weapon {unknown}
 o - a scroll of immolation {unknown}
 q - a scroll of summoning {unknown}
 s - a scroll of teleportation {unknown}
 t - a scroll of amnesia {unknown}
 u - a scroll of fear {unknown}
 y - a scroll of blinking {unknown}
 A - a scroll of fog {unknown}
 C - a scroll of brand weapon {unknown}
Potions
 g - a potion of resistance
 j - 2 potions of lignification
 l - a potion of magic {unknown}
 m - a potion of berserk rage {unknown}
 r - a potion of curing {unknown}
 w - a potion of flight {unknown}
 x - a potion of attraction {unknown}
 B - a potion of degeneration
 D - 2 potions of heal wounds {unknown}


   Skills:
 - Level 2.1 Fighting
 + Level 10.1 Long Blades
 - Level 2.0 Throwing
 - Level 4.0 Dodging


You had 6 spell levels left.
You didn't know any spells.
Your spell library contained the following spells:

 Spells                   Type           Power      Damage    Failure   Level
 Summon Guardian Golem    Hex/Summ       0%         N/A       83%         3
 Freezing Cloud           Conj/Ice/Air   0%         6-21      100%        5
 Iskenderun's Battlesphe  Conj           0%         2d6       100%        5
 Iron Shot                Conj/Erth      0%         9d1       100%        6
 Simulacrum               Ice/Necr       0%         N/A       100%        6
 Orb of Destruction       Conj           0%         9d5       100%        7
 Spellforged Servitor     Conj/Summ      0%         N/A       100%        7
 Polar Vortex             Ice            0%         N/A       100%        9


Dungeon Overview and Level Annotations

Branches:
Dungeon (5/15)             Temple (1/1) D:4

Altars:
Ashenzari
Cheibriados
Dithmenos
Elyvilon
Fedhas
Gozag
Kikubaaqudgha
Makhleb
Nemelex Xobeh
Okawaru
Qazlal
Ru
Sif Muna
Trog
Uskayaw
Vehumet
Xom
Yredelemnul
Zin
The Shining One

Shops:
D:2 *   D:5 *

Annotations:
D:2 1 runed translucent door, Crazy Yiuf


Innate Abilities, Weirdness & Mutations

You are a tree.
Your roots penetrate the ground, keeping you stationary.
You cannot be teleported.
You are immune to unholy pain and torment.
Your maximum health is greatly increased.
Your equipment is partially melded.
((You are very nimble when in or above water. (Stealth+, EV+, Speed+++)))
((Your lower body shifts to a powerful aquatic tail in water.))


Message History

The scorpion stings you but does no damage.
Okay, then.
You slash the hound!
The hound is severely wounded.
* * * LOW HITPOINT WARNING * * *
You feel sick. The hound bites you but does no damage.
The scorpion stings you but does no damage.
The hound completely misses you.
You barely miss the scorpion.
The scorpion is heavily wounded.
* * * LOW HITPOINT WARNING * * *
You feel sick. The hound bites you but does no damage.
The scorpion stings you but does no damage.
You completely miss the scorpion.
The scorpion is heavily wounded.
* * * LOW HITPOINT WARNING * * *
You feel sick. The hound bites you but does no damage.
The scorpion stings you but does no damage.
You hit the scorpion.
The scorpion is severely wounded.
* * * LOW HITPOINT WARNING * * *
You feel sick. The hound bites you but does no damage.
The scorpion stings you but does no damage.
The hound bites you but does no damage.
You can now pass through a line of other dancers.
You hit the scorpion but do no damage.
The scorpion is severely wounded.
* * * LOW HITPOINT WARNING * * *
You feel sick. The hound bites you.
* * * LOW HITPOINT WARNING * * *
The scorpion stings you but does no damage.
It was a potion of degeneration.
There was something very wrong with that liquid.
You feel weakened.
You feel dopey.
You feel clumsy.
* * * LOW HITPOINT WARNING * * *
You feel sick. The hound bites you but does no damage.
The scorpion stings you but does no damage.
It was a potion of resistance.
You feel protected.
You die...

# #..# #...)...#
#.#####..# #######.#
#........# ##.
###..####..# ##
...∩.......####
######
##...................
#..##.##.###########
#.###.s##.##.#
#.....h♣!....# .# ..
#########.####
.####.# #.# .#.....
#.# .......## #.#
.....##..# #.#
...##....# #.#
.##...##.# #..
.........##


You could see a scorpion and a hound.

Vanquished Creatures
  A black bear (D:3)
  A centaur (D:4)
  A necrophage (D:5)
  An orc priest (D:2)
  2 hounds
  An iguana (D:5)
  Robin (D:2)
  3 gnolls (D:4)
  14 adders
  A worm (D:4)
  4 dart slugs
  7 orcs
  8 endoplasms
  9 giant cockroaches
  14 goblins
  10 hobgoblins
  3 jackals (D:2)
  10 kobolds
  3 quokkas
  5 ball pythons
  7 bats
  4 frilled lizards
  12 rats
122 creatures vanquished.

Notes
Turn   | Place    | Note
-------+----------+-------------------------------------------
     0 | D:1      | Leeroy the Merfolk Gladiator began the quest for the Orb.
     0 | D:1      | Reached XP level 1. HP: 16/16 MP: 1/1
    93 | D:1      | Reached skill level 4 in Long Blades
   107 | D:1      | You fall into a shaft and drop 1 floor!
   117 | D:2      | Reached XP level 2. HP: 22/22 MP: 2/2
   376 | D:1      | Reached skill level 5 in Long Blades
   376 | D:1      | Reached XP level 3. HP: 21/27 MP: 3/3
  1015 | D:2      | Found Ykkavun's General Store.
  1034 | D:2      | Reached XP level 4. HP: 33/33 MP: 4/4
  1062 | D:2      | Reached skill level 6 in Long Blades
  1247 | D:2      | Noticed Robin
  1277 | D:2      | Killed Robin
  1338 | D:2      | Reached XP level 5. HP: 38/38 MP: 5/5
  1418 | D:2      | Found a sparkling altar of Nemelex Xobeh.
  1522 | D:2      | Found a runed translucent door.
  1523 | D:2      | Noticed Crazy Yiuf
  1581 | D:2      | Reached skill level 7 in Long Blades
  1678 | D:3      | Noticed a black bear
  1689 | D:3      | Killed a black bear
  1690 | D:3      | Reached XP level 6. HP: 33/44 MP: 6/6
  1745 | D:3      | Reached skill level 8 in Long Blades
  1977 | D:3      | Found a faded altar of an unknown god.
  3044 | D:4      | Reached skill level 9 in Long Blades
  3044 | D:4      | Reached XP level 7. HP: 29/50 MP: 7/7
  3193 | D:4      | Found a staircase to the Ecumenical Temple.
  3216 | Temple   | Entered the Ecumenical Temple
  3648 | Temple   | Became a worshipper of Uskayaw the Reveller
  3693 | D:4      | Reached * piety under Uskayaw
  3742 | D:4      | Identified the +1 sling of Saefuikk {drain, Int+2}
  3897 | D:5      | Entered Level 5 of the Dungeon
  3911 | D:5      | Reached ** piety under Uskayaw
  3941 | D:5      | Reached skill level 10 in Long Blades
  4227 | D:5      | Found Siaps's General Store.
  4256 | D:5      | HP: 3/75 [poisoned by a scorpion]
  4256 | D:5      | HP: 1/75 [hound (2)]
  4258 | D:5      | Succumbed to a scorpion's poison

Illustrated notes

Levels and vault maps discovered:
D:1:      lightli_molten_gateway, layout_loops_ring, serial_aquarium,
          aquarium_bridge_square [aquarium_subvault_bridge,
          aquarium_subvault_wall, aquarium_subvault_bridge,
          aquarium_subvault_bridge], aquarium_window_corridor_2,
          aquarium_window_2, aquarium_view_2f, aquarium_balcony_3a,
          minmay_close_crescents
D:2:      layout_rooms, serial_shops, shop, basic_altar,
          uniq_crazy_yiuf_cottage, uniq_robin
D:3:      layout_basic, hellmonk_ecumenical_altar_leap_of_faith
D:4:      layout_gridville, minmay_temple_entry_mini_moons, minivault_11
D:5:      layout_loops_ring, serial_shops, shop, minmay_misc_feat_room,
          hangedman_decor_peaks_small, minmay_misc_feat_encased
Temple:   mainiacjoe_temple_big_plus

Skill      XL: |  1  2  3  4  5  6  7 |
---------------+----------------------+-----
Long Blades    | 4 5 6 7 9 10 | 10.1
Fighting       | |  2.1
Throwing       | |  2.0
Dodging        | |  4.0

Action                     |  1- 3 |  4- 6 |  7- 9 || total
---------------------------+-------+-------+-------++-------
  Melee: Long sword        |   110 |   175 |    66 ||   351
         Punch             |     2 |     3 |     2 ||     7
  Throw: Throwing net      |       |     1 |       ||     1
    Use: Potion            |       |       |     3 ||     3
   Stab: Sleeping          |     3 |     6 |       ||     9
 Armour: Leather armour    |    35 |    70 |    21 ||   126
         Skin              |       |       |    14 ||    14
  Dodge: Dodged            |    99 |   133 |    41 ||   273

Table legend: (Time is in decaauts)
 A = Elapsed time spent in this place.
 B = Non-inter-level travel time spent in this place.
 C = Inter-level travel time spent in this place.
 D = Time resting spent in this place.
 E = Time spent auto-exploring this place.
 F = Levels seen in this place.
 G = Mean time per level.
                   A        B        C        D        E       F      G
               +--------+--------+--------+--------+--------+-----+--------+
         Total |   4276 |   4088 |    188 |     64 |   3135 |   6 |  712.7 |
       Dungeon |   3813 |   3689 |    124 |     64 |   2746 |   5 |  762.6 |
        Temple |    462 |    398 |     64 |      0 |    389 |   1 |  462.0 |
               +--------+--------+--------+--------+--------+-----+--------+

Top non-repeatable levels by time:
     D:3: 1115 daAuts
     D:1: 995 daAuts
     D:2: 698 daAuts
     D:4: 647 daAuts
  Temple: 462 daAuts
     D:5: 357 daAuts
